 Dungeon Crawl Stone Soup version 0.25-a0-589-g1e14c549ee (webtiles) character file.

Game seed: 10244526603719013622, levelgen mode: deterministic

4699 Lentor the Basher (level 10, -2/111 HPs)
             Began as a Demonspawn Fighter on Mar 10, 2020.
             Was a Believer of Okawaru.
             Killed from afar by a rime drake (14 damage)
             ... with a flash freeze
             ... created by the adversity of Qazlal
             ... on level 9 of the Dungeon.
             The game lasted 00:39:14 (9994 turns).

Lentor the Basher (Demonspawn Fighter)              Turns: 9994, Time: 00:39:14

Health: -2/111     AC:  9    Str: 19    XL:     10   Next: 21%
Magic:  0/19       EV: 11    Int: 10    God:    Okawaru [**....]
Gold:   485        SH: 19    Dex: 13    Spells: 9/9 levels left

rFire    + + .     SeeInvis .   a - +1 flail
rCold    x x .     Gourm    .   c - +1 kite shield
rNeg     . . .     Faith    .   J - +1 leather armour {rF+}
rPois    .         Spirit   +   v - +0 helmet
rElec    .         Reflect  .   (no cloak)
rCorr    .         Harm     .   p - +2 pair of gloves
MR       .....                  (no boots)
Stlth    ..........             w - amulet of guardian spirit
HPRegen  0.28/turn              L - ring of protection from fire
MPRegen  0.16/turn              j - ring of magical power

@: berserking, very quick
A: claws 2, large bone plates 3, nightstalker 2, [cold vulnerability 2]
a: Heroism, Renounce Religion


You were on level 9 of the Dungeon.
You worshipped Okawaru.
Okawaru was pleased with you.
You were not hungry.

You visited 2 branches of the dungeon, and saw 10 of its levels.

You collected 485 gold pieces.

Inventory:

Hand Weapons
 a - a +1 flail (weapon)
Missiles
 d - 3 poisoned darts (quivered)
 o - 3 datura-tipped darts
Armour
 c - a +1 kite shield (worn)
 p - a +2 pair of gloves (worn)
 v - a +0 helmet (worn)
 J - a +1 leather armour of fire resistance (worn)
Jewellery
 b - the ring "Ciepsol" {+Fly rF- rN+ Dex+6, unknown}
   (You found it on level 9 of the Dungeon)

   [ring of flight]

   It affects your dexterity (+6).
   It makes you vulnerable to fire.
   It protects you from negative energy.
   It lets you fly.
 h - an uncursed ring of fire
 j - a ring of magical power (right hand)
 w - an amulet of guardian spirit (around neck)
 L - a ring of protection from fire (left hand)
Wands
 g - a wand of polymorph (14)
 r - a wand of scattershot (3)
 s - a wand of flame (27)
 y - a wand of iceblast (8)
 B - a wand of paralysis (12)
 G - a wand of random effects (9)
Scrolls
 e - a scroll of magic mapping
 i - 3 scrolls of identify
 l - 3 scrolls of enchant weapon
 n - 2 scrolls of fog
 A - 3 scrolls of fear
 H - a scroll of blinking {unknown}
 I - a scroll of noise {unknown}
 K - a scroll of enchant armour
Potions
 k - 2 potions of curing
 m - a potion of lignification {unknown}
 q - 3 potions of brilliance
 t - a potion of mutation {unknown}
 u - a potion of degeneration {unknown}
 x - a potion of flight {unknown}
 z - a potion of stabbing
 E - 2 potions of haste {unknown}
 F - a potion of magic {unknown}
Comestibles
 f - 17 rations


   Skills:
 + Level 5.3 Fighting
 * Level 9.7 Maces & Flails
 + Level 5.0 Armour
 + Level 3.3 Dodging
 + Level 2.9 Stealth
 + Level 7.1 Shields


You had 9 spell levels left.
You didn't know any spells.
Your spell library contained the following spells:

 Spells                   Type           Power        Failure   Level  Hunger
 Corona                   Hex            #......      77%         1    ##.....
 Magic Dart               Conj           #...         77%         1    ##.....
 Blink                    Tloc           N/A          88%         2    ###....
 Call Imp                 Summ           #.......     88%         2    ###....
 Ensorcelled Hibernation  Hex/Ice        #.....       88%         2    ###....
 Slow                     Hex            #.......     88%         2    ###....
 Confusing Touch          Hex            #.......     98%         3    ####...
 Conjure Flame            Conj/Fire      #.......     98%         3    ####...
 Dazzling Flash           Conj/Hex       #.....       98%         3    ####...
 Mephitic Cloud           Conj/Pois/Air  #.......     98%         3    ####...
 Tukima's Dance           Hex            #.......     98%         3    ####...


Dungeon Overview and Level Annotations

Branches:
Dungeon (9/15)             Temple (1/1) D:5
   Lair: D:8-11         Orc: D:9-12

Altars:
Ashenzari
Cheibriados
Dithmenos
Elyvilon
Fedhas
Gozag
Hepliaklqana
Kikubaaqudgha
Nemelex Xobeh
Okawaru
Qazlal
Ru
Sif Muna
Trog
Uskayaw
Vehumet
Wu Jian
Xom
Yredelemnul
Zin
The Shining One

Annotations:
D:8 3 runed translucent doors, iroha's ghost, novice OgHu


Innate Abilities, Weirdness & Mutations

You have very sharp fingernails.
You are completely covered in large bone plates. (SH +8)
You are significantly more attuned to the shadows.
[You are very vulnerable to cold. (rC--)]


Message History

The basilisk bites you!
* * * LOW HITPOINT WARNING * * *
You turn to flesh and can move again.
Okay, then.
You feel better. You block the centaur's attack. x2
The iguana barely misses you. The basilisk gazes at you.
You resist with some effort. The basilisk bites you!
* * * LOW HITPOINT WARNING * * *
A red film seems to cover your vision as you go berserk!
You feel yourself moving faster!
You feel mighty! You block the centaur's attack. You block the iguana's attack.
The basilisk bites you but does no damage.
The basilisk closely misses you.
You bludgeon the basilisk!!
You kill the basilisk!
That felt strangely unrewarding.
You block the centaur's attack. The rime drake breathes ice at you.
The flash freeze hits you!
You feel a painful chill!
You die...

#.# #.# #.######. #.
#.##.....## #. #
#.##.# #..####.
#..#####....# #.......
...Kl@.k.##.###..#....
#..Kc.l......<..#.....
#..K##########.#)#.###
...# ##.##.# #.>
#.##.# #. #.##.#
#.##?# #.##.# #.##.#


You could see a basilisk, a rime drake, a big kobold, a centaur, an iguana and 2
kobolds.

Vanquished Creatures
  A fire crab (D:9)
  Joseph (D:7)
  Maggie (D:6)
  3 basilisks
  Menkaure (D:6)
  3 orc warriors
  2 black bears
  3 sky beasts
  An ice beast (D:8)
  4 centaurs
  5 ogres
  A big kobold (D:9)
  4 bullfrogs
  A wyvern zombie (D:9)
  A scorpion (D:8)
  6 killer bees (D:7)
  5 wights (D:7)
  3 howler monkeys
  6 crimson imps
  2 quasits
  A bullfrog zombie (D:6)
  4 orc priests
  A bullfrog skeleton (D:7)
  A hound (D:9)
  6 jellies
  3 orc wizards
  An iguana (D:6)
  7 worker ants
  2 killer bee zombies
  2 hound skeletons (D:5)
  Robin (D:3)
  10 gnolls
  11 adders
  A howler monkey skeleton (D:4)
  7 oozes
  9 dart slugs (D:3)
  5 leopard geckos
  29 orcs
  3 ball pythons
  5 giant cockroaches
  11 goblins
  8 hobgoblins
  10 jackals
  8 kobolds
  6 quokkas
  7 bats
  3 frilled lizards
  A leopard gecko skeleton (D:5)
  A leopard gecko zombie (D:7)
  A quokka skeleton (D:5)
  6 rats
225 creatures vanquished.

Vanquished Creatures (others)
  A water elemental (D:8)
1 creature vanquished.

Grand Total: 226 creatures vanquished

Notes
Turn   | Place    | Note
-------+----------+-------------------------------------------
     0 | D:1      | Lentor the Demonspawn Fighter began the quest for the Orb.
     0 | D:1      | Reached XP level 1. HP: 18/18 MP: 1/1
   295 | D:1      | Gained mutation: You are partially covered in large bone
                  | plates. (SH +4) [demonic ancestry]
   295 | D:1      | Reached XP level 2. HP: 20/24 MP: 2/2
   641 | D:2      | Reached skill level 2 in Maces & Flails
   756 | D:2      | Gained mutation: You are mostly covered in large bone
                  | plates. (SH +6) [demonic ancestry]
   756 | D:2      | Reached XP level 3. HP: 28/29 MP: 3/3
  1617 | D:3      | Reached XP level 4. HP: 33/35 MP: 4/4
  1701 | D:3      | Reached skill level 3 in Maces & Flails
  1870 | D:3      | Found a blossoming altar of Fedhas.
  1902 | D:3      | Found an iron altar of Okawaru.
  2242 | D:3      | Noticed Robin
  2248 | D:3      | Gained mutation: You are completely covered in large bone
                  | plates. (SH +8) [demonic ancestry]
  2248 | D:3      | Reached XP level 5. HP: 31/41 MP: 3/5
  2282 | D:3      | Killed Robin
  2554 | D:3      | Found an iron altar of Okawaru.
  2787 | D:4      | Reached skill level 4 in Maces & Flails
  2969 | D:4      | Gained mutation: You are slightly more attuned to the
                  | shadows. [demonic ancestry]
  2969 | D:4      | Reached XP level 6. HP: 42/48 MP: 6/6
  3050 | D:4      | Found an ornate altar of the Wu Jian Council.
  3120 | D:4      | Found a basalt altar of Yredelemnul.
  3280 | D:4      | Found a hazy altar of Hepliaklqana.
  3438 | D:5      | Entered Level 5 of the Dungeon
  3461 | D:4      | HP: 1/48 [orc priest/nerve-wracking pain (10)]
  3993 | D:4      | Reached skill level 1 in Dodging
  4177 | D:4      | Reached skill level 5 in Maces & Flails
  4177 | D:4      | Gained mutation: You have sharp fingernails. [demonic
                  | ancestry]
  4177 | D:4      | Reached XP level 7. HP: 48/54 MP: 5/7
  4291 | D:5      | Found a staircase to the Ecumenical Temple.
  4652 | Temple   | Entered the Ecumenical Temple
  4899 | Temple   | Became a worshipper of Qazlal Stormbringer
  5576 | D:6      | Reached skill level 6 in Maces & Flails
  5602 | D:6      | Reached skill level 5 in Shields
  5602 | D:6      | Gained mutation: You have very sharp fingernails. [demonic
                  | ancestry]
  5602 | D:6      | Reached XP level 8. HP: 46/60 MP: 8/8
  5969 | D:6      | Noticed Menkaure
  5980 | D:6      | Killed Menkaure
  6127 | D:6      | Noticed Maggie
  6138 | D:6      | Reached skill level 7 in Maces & Flails
  6148 | D:6      | Killed Maggie
  6170 | D:6      | Reached * piety under Qazlal
  6445 | D:6      | Found a shimmering altar of Xom.
  6722 | D:6      | Found a shimmering blue altar of Sif Muna.
  6906 | D:7      | Found a hide-covered altar of Uskayaw.
  6983 | D:7      | Gained mutation: You are significantly more attuned to the
                  | shadows. [demonic ancestry]
  6983 | D:7      | Reached XP level 9. HP: 66/66 MP: 9/9
  7003 | D:7      | Reached skill level 8 in Maces & Flails
  7115 | D:3      | Fell from the grace of Qazlal
  7115 | D:3      | Became a worshipper of Warmaster Okawaru
  7359 | D:7      | Reached skill level 1 in Stealth
  7624 | D:7      | Noticed a fire crab
  7624 | D:7      | Noticed a wind drake
  7628 | D:7      | HP: 3/66 [fire crab[the adversity of Qazlal] (5)]
  8053 | D:7      | Noticed Joseph
  8080 | D:7      | Killed Joseph
  8080 | D:7      | Reached * piety under Okawaru
  8500 | D:8      | Reached skill level 9 in Maces & Flails
  8635 | D:8      | Reached skill level 5 in Fighting
  8975 | D:8      | Reached XP level 10. HP: 67/74 MP: 10/10
  9030 | D:8      | Found a runed translucent gate.
  9030 | D:8      | Found a runed translucent gate.
  9030 | D:8      | Found a runed translucent gate.
  9038 | D:8      | Noticed iroha's ghost (novice OgHu)
  9090 | D:8      | Reached ** piety under Okawaru
  9150 | D:8      | Noticed a fire crab
  9150 | D:8      | Noticed a lindwurm
  9285 | D:9      | Reached skill level 5 in Armour
  9624 | D:9      | Noticed a fire crab
  9659 | D:9      | Killed a fire crab
  9945 | D:9      | Got a glittering glass ring
  9994 | D:9      | Killed from afar by a rime drake

Levels and vault maps discovered:
D:1:      psy_arrival_conway, layout_loops_ring
D:2:      layout_basic, first_ration
D:3:      kennysheep_slugbush, layout_basic, fedhas_ov_isle_minmay,
          old_standard_altar, minmay_misc_feat_four_crosses, okawaru_gym_becter,
          uniq_robin
D:4:      layout_cave_pools, overflow_temple_1_default, marbit_many_paths,
          nicolae_overflow_crystal_walls
D:5:      layout_rooms, minmay_temple_entry_grid
D:6:      layout_rooms, lemuel_coloured_pillars_altar, tgw_xom, uniq_maggie,
          uniq_menkaure
D:7:      layout_basic, eat_drink_and_be_merry_uskayaw, uniq_joseph
D:8:      layout_cave_pools, gammafunk_ghost_ooze, nrook_mini_vaults,
          hangedman_little_slice_of_home
D:9:      layout_loops_ring, lightli_temple_of_fire,
          minmay_orc_entry_temple_small
Temple:   minmay_temple_curvy_branch

Skill      XL: |  1  2  3  4  5  6  7  8  9 10 |
---------------+-------------------------------+-----
Maces & Flails | 2 3 4 5 6 7 9 |  9.7
Shields        | 3 5 6 7 |  7.1
Armour         | 3 4 5 |  5.0
Dodging        | 1 2 3 |  3.3
Fighting       | 4 5 |  5.3
Stealth        | 2 |  2.9

Action                   |  1- 3 |  4- 6 |  7- 9 | 10-12 || total
-------------------------+-------+-------+-------+-------++-------
Melee: Flail             |   137 |   262 |   535 |   201 ||  1135
  Use: Scroll            |       |    12 |     6 |     1 ||    19
       Potion            |       |     2 |     7 |     5 ||    14
 Stab: Sleeping          |       |       |     2 |     3 ||     5
  Eat: Chunk             |     2 |     9 |    10 |     3 ||    24
       Ration            |       |       |     2 |       ||     2
Armor: Scale mail        |    47 |    98 |   167 |    53 ||   365
       Leather armour    |       |       |       |    14 ||    14
Dodge: Dodged            |    35 |    58 |   116 |    56 ||   265
Block: Kite shield       |   107 |   281 |   584 |   181 ||  1153

Table legend:
 A = Non-vault XP
 B = Vault XP
 C = Vault XP percentage of total XP
 D = Non-vault monster count
 E = Vault monster count
 F = Vault count percentage of total count
                 A         B        C        D         E       F
            +---------+---------+-------+---------+---------+-------
      Total |    5444 |    1270 |  18.9 |     188 |      33 |  14.9
            +---------+---------+-------+---------+---------+-------
        D:1 |      20 |       0 |   0.0 |      12 |       0 |   0.0
        D:2 |      53 |       0 |   0.0 |      17 |       0 |   0.0
        D:3 |     162 |      68 |  29.6 |      22 |      19 |  46.3
        D:4 |     720 |       3 |   0.4 |      32 |       1 |   3.0
        D:5 |     234 |       0 |   0.0 |       9 |       0 |   0.0
        D:6 |     896 |     588 |  39.6 |      25 |       4 |  13.8
        D:7 |    1602 |     455 |  22.1 |      28 |       1 |   3.4
        D:8 |    1043 |     156 |  13.0 |      18 |       8 |  30.8
        D:9 |     714 |       0 |   0.0 |      25 |       0 |   0.0
            +---------+---------+-------+---------+---------+-------
